 Dungeon Crawl Stone Soup version 0.29.1-1-gd02db6906a (webtiles) character file.

Game seed: 11856229298211499334

4 fireball365 the Digger (level 1, -2/14 HPs)
             Began as a Demigod Earth Elementalist on Oct 8, 2022.
             Slain by a hobgoblin (5 damage)
             ... on level 1 of the Dungeon.
             The game lasted 00:00:24 (75 turns).

fireball365 the Digger (Demigod Earth Elementalist)   Turns: 75, Time: 00:00:24

Health: -2/14      AC:  2    Str:  9    XL:     1   Next: 46%
Magic:  1/5        EV: 12    Int: 17    God:
Gold:   0          SH:  0    Dex: 14    Spells: 2/3 levels left

rFire   . . .      SeeInvis .   (no weapon)
rCold   . . .      Faith    .   (no shield)
rNeg    . . .      Spirit   .   a - +0 robe
rPois   .          Reflect  .   (no helmet)
rElec   .          Harm     .   (no cloak)
rCorr   .          Rampage  .   (no gloves)
Will    .....                   (no boots)
Stlth   ++........              (no amulet)
HPRegen 0.04/turn               (no ring)
MPRegen 0.09/turn               (no ring)

@: no status effects
A: high MP 1, forlorn, divine attributes
a: no special abilities


You were on level 1 of the Dungeon.
You visited 1 branch of the dungeon, and saw 1 of its levels.

Inventory:

Armour
 a - a +0 robe (worn)
Scrolls
 c - a scroll of butterflies {unknown}
Potions
 b - a potion of magic
 d - a potion of resistance {unknown}


   Skills:
 + Level 1.7 Dodging
 + Level 1.7 Stealth
 + Level 1.9 Spellcasting
 + Level 0.8 Transmutations
 + Level 2.9 Earth Magic


You had 2 spell levels left.
You knew the following spells:

 Your Spells              Type           Power      Damage    Failure   Level
a - Sandblast             Erth           22%        2d7       6%          1

Your spell library contained the following spells:

 Spells                   Type           Power      Damage    Failure   Level
 Passwall                 Tmut/Erth      6%         N/A       14%         2
 Stone Arrow              Conj/Erth      12%        3d7       32%         3
 Petrify                  Tmut/Erth      8%         N/A       65%         4


Dungeon Overview and Level Annotations

Branches:
Dungeon (1/15)


Innate Abilities, Weirdness & Mutations

You have an increased reservoir of magic. (+10% MP)
You shall have no god before yourself.
Your divine heritage dramatically boosts your attributes as you level up.


Message History

Found an emerald potion and a ring mail.
The endoplasm quivers.
Found 8 gold pieces and a club.
Found an escape hatch in the floor.
c - a scroll labelled FAOROPPOLAE
d - a fuming emerald potion You can't see any susceptible monsters within range! (Use Z to cast anyway.)
Found 4 gold pieces.
Found a quarterstaff.
A ball python, a hobgoblin and an endoplasm come into view.
The hobgoblin shouts!
The ball python hisses angrily.
The endoplasm quivers.
A bat comes into view.
The ball python bites you. The ball python barely misses you.
The ball python closely misses you. The ball python misses you.
The blast of sand hits the ball python!
You kill the ball python!
A bat comes into view.
The hobgoblin misses you.
The blast of sand hits the bat.
You kill the bat!
The hobgoblin barely misses you. The hobgoblin hits you.
The blast of sand hits the bat.
The bat is moderately wounded.
The bat barely misses you. The hobgoblin hits you.
The blast of sand hits the endoplasm!
You kill the endoplasm!
The bat closely misses you. The hobgoblin closely misses you.
The bat barely misses you. The hobgoblin barely misses you.
The blast of sand hits the bat.
You kill the bat!
The hobgoblin hits you.
You are out of magic!
You are out of magic!
You hit the hobgoblin but do no damage. The hobgoblin hits you.
You hit the hobgoblin but do no damage. The hobgoblin hits you.
* * * LOW HITPOINT WARNING * * *
You barely miss the hobgoblin. The hobgoblin hits you.
* * * LOW HITPOINT WARNING * * *
You hit the hobgoblin but do no damage. The hobgoblin hits you.
You die...

........# .. #..
#.#....# ##.# ...
......##... ..
#.......# #. #......#
#.## #....#.#### #..#
#.........#
#######$#####...###.##
#......@......###
#..### #......g†######
#..... #........#
#..... #........#
#..... #.........
#..... ##.....#...
#......... ...).......
..###......
............ #####.#
#..


You could see a hobgoblin.

Vanquished Creatures
  A ball python (D:1)
  An endoplasm (D:1)
  2 bats (D:1)
4 creatures vanquished.

Notes
Turn   | Place    | Note
-------+----------+-------------------------------------------
     0 | D:1      | fireball365 the Demigod Earth Elementalist began the quest
                  | for the Orb.
     0 | D:1      | Reached XP level 1. HP: 14/14 MP: 5/5
    75 | D:1      | Slain by a hobgoblin

Illustrated notes

Levels and vault maps discovered:
D:1:      evilmike_arrival_come_back, layout_rooms

Action                   || total
-------------------------++-------
Melee: Unarmed           ||     4
 Cast: Sandblast         ||     5
Dodge: Dodged            ||    10
